Map: Golden Wall LE

Players

liquidthermy (uThermal) - Winner!

  • Race: Terran Terran
  • Spawn Location: 7:00

Lambo

  • Race: Zerg Zerg
  • Spawn Location: 5:00

Event: DreamHack SC2 Masters 2020 Summer Europe

VOD

Have the link to the VOD?

Description

Time

  • Played on: July 7, 2020, 11:36 a.m.
  • Length: 13:19

All games in this series

Show
View Real Time Build Order
Export as new Build Order

liquidthermy Terran - Winner!

Build Orders: Reaper Expand, Hellion Banshee 

Get SALT Encoding   

  12  0:01  SCV  
  13  0:13  SCV  
  14  0:18  Supply Depot  
  14  0:25  SCV  
  15  0:39  SCV  
  15  0:40  Barracks  
  16  0:43  Refinery  
  16  0:51  SCV  
  17  1:03  SCV  
  18  1:15  SCV  
  19  1:27  Reaper, Orbital Command  
  20  1:41  Command Center  
  20  1:51  Supply Depot  
  21  1:54  SCV  
  21  1:59  Marine  
  22  2:06  SCV  
  23  2:10  Factory  
  23  2:15  Refinery  
  23  2:18  SCV  
  23  2:20  Barracks Reactor  
  24  2:30  SCV  
  25  2:42  SCV  
  26  2:54  SCV, Orbital Command, Starport  
  27  3:00  Hellion x2  
  27  3:02  Barracks Tech Lab  
  31  3:06  SCV  
  32  3:19  SCV  
  33  3:20  SCV  
  33  3:22  Hellion x2  
  38  3:27  Supply Depot  
  38  3:31  SCV  
  38  3:32  SCV  
  40  3:37  Banshee  
  40  3:38  Cloaking Field  
  43  3:43  SCV  
  43  3:44  SCV  
  45  3:49  Hellion  
  45  3:51  Hellion  
  49  3:57  SCV  
  49  3:58  SCV  
  49  3:59  Supply Depot  
  51  4:09  SCV  
  52  4:10  SCV  
  52  4:11  Barracks Tech Lab  
  53  4:19  Command Center  
  53  4:21  Banshee  
  56  4:25  Supply Depot  
  56  4:27  SCV  
  56  4:28  SCV  
  58  4:31  Marine  
  58  4:33  Stimpack  
  59  4:39  SCV  
  59  4:40  SCV  
  59  4:41  Barracks  
  61  4:48  Barracks  
  61  4:49  Factory Reactor, Marine  
  61  4:52  SCV x2  
  64  5:03  Engineering Bay  
  64  5:04  SCV, Engineering Bay, Refinery  
  64  5:06  SCV  
  64  5:07  Supply Depot  
  66  5:12  Marine  
  67  5:16  SCV  
  67  5:18  SCV  
  67  5:20  Starport Reactor  
  69  5:25  Barracks  
  69  5:26  Barracks  
  69  5:29  SCV  
  69  5:30  SCV  
  69  5:31  Marine  
  69  5:32  Marine x2  
  74  5:37  Siege Tank  
  74  5:41  SCV  
  79  5:42  SCV  
  79  5:43  Marine  
  79  5:44  Marine  
  79  5:49  Marine  
  82  5:50  Marine  
  82  5:53  SCV  
  82  5:54  SCV  
  82  5:56  Supply Depot, Refinery  
  85  5:57  Terran Infantry Weapons Level 1  
  85  5:59  Terran Infantry Armor Level 1  
  85  6:02  Marine  
  85  6:03  Marine  
  88  6:08  Orbital Command  
  88  6:09  Marine  
  88  6:11  SCV  
  88  6:15  Medivac  
  88  6:17  Medivac  
  93  6:19  Barracks Reactor x2  
  93  6:22  SCV, Supply Depot  
  93  6:24  SCV, Marine  
  96  6:26  Marine  
  96  6:29  Siege Tank  
  100  6:33  Supply Depot  
  100  6:34  SCV  
  100  6:39  Combat Shield  
  101  6:44  SCV x2, Marine x3  
  101  6:46  Refinery  
  106  6:48  Missile Turret, Marine  
  106  6:49  Supply Depot  
  106  6:52  Missile Turret  
  106  6:53  SCV  
  108  6:57  Armory, Missile Turret, Marine  
  108  7:00  SCV  
  110  7:01  Supply Depot  
  110  7:02  Medivac  
  112  7:08  Medivac  
  112  7:09  SCV  
  112  7:11  Supply Depot x2  
  112  7:12  SCV  
  112  7:13  Marine  
  112  7:14  Factory Reactor, Marine x2  
  120  7:16  SCV  
  120  7:23  SCV, Supply Depot  
  120  7:24  Marine, Factory  
  120  7:27  Marine x2  
  124  7:32  Medivac  
  126  7:38  Command Center, Marine  
  126  7:41  Marine x2  
  126  7:42  Marine  
  126  7:43  Medivac  
  131  7:51  SCV, Marine x2  
  131  7:52  Marine  
  131  7:53  Marine  
  131  7:54  Supply Depot  
  131  7:55  Marine  
  137  7:59  Marine x2  
  137  8:01  Terran Infantry Armor Level 2, Terran Infantry Weapons Level 2  
  137  8:05  Terran Vehicle And Ship Armor Level 1  
  139  8:07  Marine x2  
  139  8:09  Drilling Claws  
  139  8:12  Widow Mine  
  143  8:15  Supply Depot  
  143  8:17  Supply Depot  
  143  8:18  Widow Mine  
  143  8:19  Marine x2  
  146  8:20  Marine  
  146  8:22  Marine  
  146  8:23  Marine  
  146  8:24  Marine  
  146  8:25  Widow Mine  
  146  8:26  Marine  
  153  8:29  Medivac  
  153  8:30  Medivac  
  157  8:36  Supply Depot  
  157  8:37  Marine  
  157  8:38  Supply Depot  
  157  8:40  Widow Mine  
  160  8:42  Missile Turret, Marine  
  165  8:48  Widow Mine x2  
  165  8:50  Marine  
  165  8:53  Marine  
  167  9:05  Concussive Shells  
  167  9:06  Medivac x2, Marine  
  167  9:07  Barracks  
  167  9:08  Barracks  
  167  9:09  Barracks  
  172  9:12  Marine  
  172  9:15  Marine  
  172  9:17  Marine  
  175  9:24  SCV, Marine x2  
  175  9:25  Marine  
  175  9:29  Thor  
  175  9:30  Widow Mine  
  187  9:32  Widow Mine  
  187  9:34  Marine x3  
  187  9:38  Planetary Fortress, Missile Turret  
  181  9:45  Medivac x2  
  181  9:51  Widow Mine  
  183  9:55  Marine x2  
  183  9:57  Marine  
  182  10:01  Marine  
  182  10:02  Widow Mine  
  182  10:05  Marine x2  
  187  10:08  Command Center  
  187  10:10  Marine  
  188  10:15  Medivac x2  
  188  10:20  Command Center, Barracks Tech Lab  
  192  10:21  Barracks Tech Lab x2  
  192  10:23  Marine x2  
  192  10:24  Marine  
  193  10:29  Marine  
  193  10:32  Widow Mine  
  196  10:35  Missile Turret  
  196  10:37  Missile Turret, Marine x2  
  196  10:39  Missile Turret  
  198  10:45  Widow Mine  
  198  10:53  Marine  
  198  10:54  Marine  
  200  11:01  Marine  
  200  11:07  Widow Mine  
  196  11:12  Marine, Widow Mine  
  196  11:14  Marine x2  
  196  11:15  Marine x2  
  200  11:22  Command Center  
  200  11:23  Command Center  
  200  11:32  Command Center  
  200  11:36  Marine x2  
  200  11:37  Marine, Thor, Widow Mine  
  200  11:39  Marine x3  
  192  11:40  Marine, Widow Mine  
  192  11:41  Marine  
  192  11:46  Marine x2  
  190  11:47  Marine  
  190  11:49  Marine  
  190  11:51  Planetary Fortress  
  192  11:55  Marine  
  192  11:56  Marine  
  192  11:58  Marine  
  192  11:59  Widow Mine  
  199  12:01  Widow Mine  
  199  12:03  Liberator x2  
  199  12:04  Marine  
  199  12:07  Marine  
  197  12:14  Missile Turret  
  197  12:15  Missile Turret  
  197  12:16  Missile Turret  
  197  12:17  Missile Turret  
  197  12:20  Widow Mine  
  199  12:29  Marine  
  199  12:36  Widow Mine  
  198  12:38  Widow Mine  
  198  12:39  Marine x2  
  200  12:48  Marine  
  200  12:51  Marine  
  199  12:53  Marine x2  
  199  12:54  Marine  
  199  12:56  Marine  
  199  12:57  Marine x2  
  163  12:59  Marine  
  163  13:00  Marine  
Show
View Real Time Build Order
Export as new Build Order

Lambo Zerg 

Build Orders: Hatch First, Muta Ling Bane 

Get SALT Encoding   

  12  0:01  Drone  
  13  0:12  Overlord  
  13  0:17  Drone  
  14  0:31  Drone x2  
  16  0:48  Hatchery  
  15  0:51  Drone  
  15  0:55  Drone  
  17  0:59  Drone  
  18  1:08  Extractor  
  17  1:13  Spawning Pool  
  16  1:19  Drone  
  16  1:20  Drone  
  18  1:29  Drone  
  19  1:38  Drone  
  20  1:49  Overlord  
  20  2:00  Queen  
  20  2:01  Zergling x4, Queen  
  26  2:11  Drone  
  26  2:12  Drone  
  26  2:13  Metabolic Boost  
  28  2:22  Drone x2  
  30  2:40  Hatchery  
  30  2:41  Drone  
  29  2:45  Drone  
  29  2:47  Drone  
  31  2:52  Overlord  
  31  2:57  Queen  
  33  3:00  Drone  
  33  3:03  Drone  
  35  3:13  Drone x2  
  35  3:14  Queen  
  35  3:17  Overlord  
  39  3:21  Drone  
  39  3:22  Drone  
  41  3:30  Drone  
  42  3:36  Queen  
  42  3:37  Overlord  
  42  3:39  Drone x2  
  46  3:42  Drone  
  46  3:46  Overlord  
  47  3:52  Overlord  
  47  3:53  Drone x4  
  51  3:58  Drone  
  51  4:00  Queen  
  54  4:07  Zergling x2, Baneling Nest  
  54  4:08  Zergling x2  
  55  4:11  Zergling x4  
  55  4:16  Zergling x2  
  58  4:17  Zergling x2  
  58  4:19  Queen  
  58  4:20  Drone  
  58  4:22  Drone  
  63  4:25  Spore Crawler  
  63  4:28  Spore Crawler  
  63  4:29  Drone  
  62  4:32  Spore Crawler, Drone  
  62  4:35  Drone x2  
  64  4:39  Drone x2  
  64  4:40  Drone  
  64  4:44  Extractor  
  64  4:45  Lair  
  66  4:49  Drone x2  
  66  4:52  Drone x2  
  70  4:55  Drone x2  
  70  4:58  Drone x2, Extractor  
  73  5:00  Drone  
  73  5:03  Evolution Chamber  
  73  5:04  Drone  
  73  5:06  Evolution Chamber  
  73  5:07  Overlord  
  73  5:12  Drone  
  74  5:16  Overlord  
  74  5:19  Overlord  
  73  5:22  Zergling x2, Extractor  
  73  5:23  Overlord  
  73  5:24  Drone  
  73  5:26  Drone x5  
  79  5:29  Drone x2  
  79  5:32  Drone  
  79  5:35  Zerg Ground Armor Level 1  
  82  5:36  Zerg Melee Weapons Level 1  
  82  5:44  Drone x4  
  82  5:46  Overseer  
  85  5:53  Drone x4  
  85  5:54  Drone  
  87  5:57  Drone x2  
  87  6:00  Centrifical Hooks  
  87  6:01  Drone x4  
  93  6:05  Drone x3  
  93  6:07  Drone x2  
  98  6:13  Hatchery, Extractor x2  
  98  6:16  Zergling x2  
  98  6:17  Zergling x4  
  98  6:21  Overseer  
  98  6:25  Zergling x4  
  100  6:27  Spire  
  100  6:31  Zergling x8  
  100  6:32  Baneling x4  
  103  6:33  Overlord  
  103  6:36  Overlord  
  103  6:38  Overlord  
  103  6:40  Overlord  
  103  6:41  Overlord  
  103  6:45  Overlord  
  103  6:48  Zergling x6  
  103  6:49  Overlord  
  103  6:54  Overlord  
  106  6:57  Zergling x4  
  108  7:01  Zergling x4  
  108  7:04  Baneling  
  108  7:05  Baneling x3  
  108  7:08  Zergling x12  
  116  7:15  Overlord x2  
  116  7:18  Overlord  
  116  7:21  Zergling x8  
  120  7:35  Spore Crawler  
  118  7:37  Zergling x22  
  118  7:39  Zerg Ground Armor Level 2  
  118  7:40  Zerg Melee Weapons Level 2  
  118  7:43  Spawning Pool  
  128  7:45  Drone x2  
  130  7:52  Drone x5  
  130  7:54  Drone  
  136  7:59  Drone x4  
  136  8:04  Mutalisk x2  
  144  8:07  Mutalisk x2  
  144  8:10  Overlord  
  144  8:11  Overlord  
  147  8:13  Mutalisk  
  147  8:17  Mutalisk x2  
  150  8:20  Mutalisk  
  150  8:23  Mutalisk x2  
  150  8:25  Baneling x4  
  156  8:32  Mutalisk x3  
  161  8:35  Baneling  
  161  8:36  Zergling x10  
  166  8:43  Zergling x8  
  166  8:45  Extractor  
  169  8:51  Overseer  
  169  8:52  Pneumatized Carapace  
  169  8:55  Zergling x18  
  177  8:57  Hatchery  
  177  9:00  Drone  
  174  9:05  Mutalisk x3  
  174  9:07  Overseer  
  174  9:09  Drone x4  
  184  9:14  Hatchery  
  184  9:21  Zergling x18  
  184  9:22  Baneling x5  
  193  9:26  Zergling x8  
  193  9:29  Overseer  
  185  9:33  Infestation Pit  
  185  9:35  Zergling x8  
  185  9:37  Baneling x5  
  185  9:38  Zergling x2  
  167  9:42  Zergling x2  
  167  9:43  Zergling x6  
  170  9:47  Zergling x4  
  170  9:51  Zergling x10  
  170  9:52  Baneling x3  
  174  9:57  Zergling x2  
  174  9:58  Baneling  
  174  9:59  Baneling x8  
  172  10:00  Zergling x2  
  172  10:01  Zergling x2  
  172  10:06  Zergling x10  
  179  10:11  Zergling x10  
  179  10:13  Hive  
  183  10:17  Zergling x2  
  184  10:22  Zergling x12  
  188  10:30  Zergling x4  
  188  10:32  Zergling x2  
  188  10:34  Zerg Flyer Weapons Level 1  
  191  10:40  Zergling x4  
  193  10:46  Zergling x12  
  181  10:55  Zergling x14  
  184  11:00  Baneling x14  
  183  11:06  Zergling x12  
  183  11:10  Zergling x4  
  188  11:13  Zergling x10  
  192  11:18  Zergling x12  
  198  11:30  Zergling x14  
  198  11:32  Overlord  
  187  11:38  Zergling x2  
  187  11:39  Zergling x4  
  165  11:46  Mutalisk x8  
  167  11:53  Zergling x10  
  168  12:04  Zergling x12  
  173  12:09  Hatchery  
  173  12:11  Baneling x9  
  173  12:14  Zergling x8  
  176  12:16  Overseer x2  
  176  12:17  Hatchery  
  176  12:20  Baneling x10  
  176  12:22  Zergling x4  
  175  12:24  Zergling x4  
  171  12:31  Baneling x8  
  171  12:35  Zergling x10  
  175  12:37  Baneling x3  
  175  12:43  Zergling x22  
  186  12:46  Overlord  
  186  12:50  Zergling x4  
  186  12:51  Zergling x6  
  187  12:58  Zergling x4  
Tags
 
Add a new tag
Caveats
  • Supply blocks, unpowered buildings, or Contaminate may cause inaccurate times.
  • Supply counts are checked every 10 seconds.